 Dungeon Crawl Stone Soup version 0.31-a0-7-g51783674b7 (webtiles) character file.

Game seed: 7125537111096097495

21 jimonade the Sneak (level 2, -2/15 HPs)
             Began as a Vine Stalker Brigand on May 6, 2023.
             Slain by Terence
             ... wielding a +0 mace
              (7 damage)
             ... on level 2 of the Dungeon.
             The game lasted 00:01:38 (1636 turns).

jimonade the Sneak (Vine Stalker Brigand)           Turns: 1636, Time: 00:01:39

Health: -2/15      AC:  3    Str: 13    XL:     2   Next: 87%
Magic:  0/3        EV: 11    Int: 11    God:
Gold:   101        SH:  0    Dex: 15    Spells: 1/1 levels left

rFire   . . .        a - +0 dagger (venom)
rCold   . . .        (no shield)
rNeg    . . .        j - +0 robe
rPois   .            (no helmet)
rElec   .            c - +0 cloak
rCorr   .            (no gloves)
SInv    .            (no boots)
Will    .....        (no amulet)
Stlth   +++          (no ring)
HPRegen 0.22/turn    (no ring)
MPRegen 0.08/turn

%: guardian spirit
@: no status effects
A: fangs 2, magic shield, antimagic bite, no potion heal 2
a: no special abilities


You were on level 2 of the Dungeon.
You visited 1 branch of the dungeon, and saw 2 of its levels.

You collected 101 gold pieces.

Inventory:

Hand Weapons
 a - a +0 dagger of venom (weapon)
 b - a +1 short sword of freezing
 g - a +0 sling
 q - a +2 dagger
Missiles
 d - 9 poisoned darts (quivered)
 e - 3 curare-tipped darts
 s - 4 boomerangs of dispersal
Armour
 c - a +0 cloak (worn)
 h - a +0 ring mail
 j - a +0 robe (worn)
Scrolls
 k - a scroll of fog {unknown}
 l - a scroll of noise {unknown}
 n - 2 scrolls of enchant weapon {unknown}
 o - 4 scrolls of identify {unknown}
 p - a scroll of teleportation {unknown}
Potions
 f - a potion of berserk rage {unknown}
 i - 2 potions of curing {unknown}
 m - a potion of might {unknown}
 r - a potion of degeneration {unknown}


   Skills:
 + Level 1.8 Fighting
 + Level 1.8 Short Blades
 + Level 1.9 Throwing
 + Level 0.8 Dodging
 + Level 5.8 Stealth


You had one spell level left.
You didn't know any spells.
Your spell library was empty.

Dungeon Overview and Level Annotations

Branches:
Dungeon (2/15)

Altars:

Annotations:
D:2 1 runed translucent door, Crazy Yiuf, Terence


Innate Abilities, Weirdness & Mutations

You have extremely sharp teeth.
When hurt, damage is shared between your health and your magic reserves.
Your bite disrupts and absorbs the magic of your enemies.
Potions cannot restore your health.


Message History

You open the door.
There is an open door here.
A hobgoblin comes into view.
A hobgoblin is nearby!
The helpless hobgoblin fails to defend itself.
You impale the hobgoblin!!
You kill the hobgoblin!
No target in view!
There is an open door here.
You see here a +0 leather armour.
You see here a +0 robe.
Terence the Incautious comes into view.
He is wielding a +0 mace.
Terence shouts!
You hit Terence but do no damage.
Terence is poisoned.
Terence completely misses you.
You hit Terence.
Terence looks as sick as possible!
Your bite misses Terence.
Terence is moderately wounded.
Terence hits you with a +0 mace.
You hit Terence but do no damage.
Terence looks as sick as possible!
Terence is moderately wounded.
Terence hits you with a +0 mace!
You are too injured to fight recklessly!
You are too injured to fight recklessly!
You are too injured to fight recklessly!
You hit Terence but do no damage.
Terence looks as sick as possible!
Your bite misses Terence.
Terence is moderately wounded.
Terence closely misses you.
You hit Terence.
Terence is severely wounded.
Terence hits you with a +0 mace.
You closely miss Terence. Your bite misses Terence.
Terence is severely wounded.
You hit Terence but do no damage.
Terence looks as sick as possible!
Terence is severely wounded.
Terence barely misses you.
You closely miss Terence.
Terence is almost dead.
Terence hits you with a +0 mace!
You die...

.......# ##)..#
#.........#.#...
.......#
##..####..........#....
.....).#
##...............#....
.......#
######......8..†#....
.......#
#....8...8###...
....###
#..........#.... )...#
########..........#....
....#
#........÷.......#.#...
....#
#....@@................
....#
#..........[.....#.#...
....#
#............(....#....
....#
########..........#....
....# #....8...8###...
...### #......8...#†...
...... #..........#....
........
#..........#....
...#....
#.........#.#...


You could see Terence (extremely poisoned).

Vanquished Creatures
  5 ball pythons
  An endoplasm (D:2)
  2 goblins (D:2)
  A hobgoblin (D:2)
  A quokka (D:2)
  3 bats (D:1)
  2 frilled lizards (D:2)
  3 kobolds
  4 rats
22 creatures vanquished.

Notes
Turn   | Place    | Note
-------+----------+-------------------------------------------
     0 | D:1      | jimonade the Vine Stalker Brigand began the quest for the
                  | Orb.
     0 | D:1      | Reached XP level 1. HP: 11/11 MP: 2/2
   153 | D:1      | Reached skill level 5 in Stealth
   303 | D:1      | Reached XP level 2. HP: 15/15 MP: 3/3
  1405 | D:2      | Found a runed translucent door.
  1406 | D:2      | Noticed Crazy Yiuf
  1625 | D:2      | Noticed Terence
  1636 | D:2      | Slain by Terence

Illustrated notes

Levels and vault maps discovered:
D:1:      minmay_arrival_glassed_features, layout_basic, fountainhead
D:2:      wad_pebble_path, layout_basic, uniq_crazy_yiuf_cottage, uniq_terence

Skill      XL: |  1 |
---------------+----+-----
Stealth        | 5 |  5.8
Fighting       | |  1.8
Short Blades   | |  1.8
Throwing       | |  1.9
Dodging        | |  0.8

Action                     || total
---------------------------++-------
  Melee: Dagger            ||    61
         Bite              ||     7
         Punch             ||     2
   Stab: Sleeping          ||     6
 Armour: Robe              ||    11
  Dodge: Dodged            ||    28

Table legend: (Time is in decaauts)
 A = Elapsed time spent in this place.
 B = Non-inter-level travel time spent in this place.
 C = Inter-level travel time spent in this place.
 D = Time resting spent in this place.
 E = Time spent auto-exploring this place.
 F = Levels seen in this place.
 G = Mean time per level.
                   A        B        C        D        E       F      G
               +--------+--------+--------+--------+--------+-----+--------+
         Total |   1629 |   1558 |     71 |      0 |   1314 |   2 |  814.5 |
       Dungeon |   1629 |   1558 |     71 |      0 |   1314 |   2 |  814.5 |
               +--------+--------+--------+--------+--------+-----+--------+

Top non-repeatable levels by time:
     D:2: 936 daAuts
     D:1: 692 daAuts
